[Event "ICC tourney 2891 (30 10)"]
[Site "Internet Chess Club"]
[Date "2022.04.23"]
[Round "1"]
[White "SEBBA, AMITAI:Amitai"]
[Black "GUO, ELLA:SunnyCountry"]
[Result "1-0"]
[ICCResult "Black checkmated"]
[WhiteElo "1723"]
[BlackElo "1324"]
[Opening "Sicilian: Smith-Morra gambit"]
[ECO "B21"]
[NIC "SI.48"]
[Time "12:01:16"]
[PlyCount "77"]
[TimeControl "1800+10"]

1. e4 c5 2. d4 cxd4 3. c3 dxc3 4. Nxc3 Nc6 5. Nf3 d6 6. Bc4 e6 7. O-O Nf6 8.
Qe2 Be7 9. Rd1 a6 10. e5 Ng4 11. exd6 Bf6 12. Ne4 O-O 13. Nxf6+ Nxf6 14. Bg5
b5 15. Bb3 Bd7 16. Rac1 Rc8 17. h3 h6 18. Bh4 Re8 19. a3 e5 20. Qe3 a5 21.
Bd5 b4 22. Qb3 Rf8 23. Bxc6 Bxc6 24. Nxe5 Bb7 25. Rxc8 Bxc8 26. d7 Ba6 27.
Nc6 Qc7 28. d8=Q Rxd8 29. Nxd8 g5 30. Bg3 Qe7 31. Nc6 Qc5 32. Ne5 Qe7 33.
Rd8+ Ne8 34. Rd7 Qe6 35. Qxe6 fxe6 36. Rd8 Kf8 37. f4 Ke7 38. Rd7+ Kf6 39.
Rf7# {Black checkmated} 1-0

[Event "ICC tourney 2891 (30 10)"]
[Site "Internet Chess Club"]
[Date "2022.04.23"]
[Round "1"]
[White "Elkon, Alex N:Sprinless"]
[Black "Tang, Austin:Mrpeetapizza"]
[Result "0-1"]
[ICCResult "White resigns"]
[WhiteElo "1605"]
[BlackElo "1835"]
[Opening "Sicilian: Canal-Sokolsky (Nimzovich-Rossolimo, Moscow) attack"]
[ECO "B51"]
[NIC "SI.01"]
[Time "12:01:02"]
[PlyCount "80"]
[TimeControl "1800+10"]

1. e4 c5 2. Nf3 d6 3. Bb5+ Nd7 4. O-O Nf6 5. Re1 a6 6. Bf1 g6 7. d4 cxd4 8.
Nxd4 Bg7 9. Nc3 O-O 10. g3 Qc7 11. Bg2 Nc5 12. h3 Ne6 13. Be3 Bd7 14. Qd2
Rac8 15. Rac1 Rfd8 16. Bh6 Bxh6 17. Qxh6 Nxd4 18. Nd5 Nxd5 19. exd5 Bb5 20.
Kh2 Nf5 21. Qf4 Re8 22. c4 Bd7 23. h4 Qb6 24. Rc2 Qd4 25. Qg5 Rxc4 26. Rxc4
Qxc4 27. h5 h6 28. Qd2 Qd4 29. Qe2 Qf6 30. hxg6 fxg6 31. Bh3 Nd4 32. Qe3
Nf3+ 33. Kg2 Bxh3+ 34. Kxh3 Nxe1 35. Qxe1 Rf8 36. f4 Rc8 37. Qe3 Rc2 38. g4
Rxb2 39. g5 hxg5 40. fxg5 Qf5+ {White resigns} 0-1

[Event "ICC tourney 2891 (30 10)"]
[Site "Internet Chess Club"]
[Date "2022.04.23"]
[Round "1"]
[White "OPASKA, MICHAEL:mopaska1106"]
[Black "KHAIS, STEVEN:methodX17"]
[Result "1-0"]
[ICCResult "Black resigns"]
[WhiteElo "1778"]
[BlackElo "1501"]
[Opening "Nimzo-Indian: classical, Noa variation, 5.a3"]
[ECO "E36"]
[NIC "NI.23"]
[Time "12:01:00"]
[PlyCount "87"]
[TimeControl "1800+10"]

1. d4 Nf6 2. c4 e6 3. Nc3 Bb4 4. Qc2 d5 5. a3 Be7 6. Bf4 c6 7. e3 O-O 8. Nf3
Bd6 9. Bg3 a6 10. Bd3 h6 11. O-O b5 12. c5 Bxg3 13. hxg3 Nbd7 14. e4 Bb7 15.
e5 Ne8 16. Qe2 Nc7 17. b4 a5 18. bxa5 Rxa5 19. Nd2 Qa8 20. Nb3 Rxa3 21. Qb2
b4 22. Nd1 Nb5 23. Ne3 Nc3 24. Nc2 Rxa1 25. Rxa1 Qd8 26. Nxb4 Ne4 27. Bxe4
dxe4 28. Na5 Qc7 29. Nc4 Ra8 30. Nd6 Rxa1+ 31. Qxa1 Qb8 32. Qa5 Qa8 33.
Qxa8+ Bxa8 34. Na6 f6 35. exf6 Nxf6 36. Nc7 Nd5 37. Nxa8 Kh7 38. Nb6 Ne7 39.
Nxe4 Kg6 40. f3 Kf5 41. Nd7 Nd5 42. Kf2 g5 43. Nf8 Nb4 44. g4+ {Black
resigns} 1-0

[Event "ICC tourney 2891 (30 10)"]
[Site "Internet Chess Club"]
[Date "2022.04.23"]
[Round "1"]
[White "JIN, JERRY:MysteryHunter"]
[Black "Fong, Kevin:kleong12"]
[Result "0-1"]
[ICCResult "White checkmated"]
[WhiteElo "1595"]
[BlackElo "1811"]
[Opening "Sicilian: Nimzovich-Rossolimo attack (with ...g6, without ...d6)"]
[ECO "B31"]
[NIC "SI.31"]
[Time "12:01:02"]
[PlyCount "88"]
[TimeControl "1800+10"]

1. e4 c5 2. Nf3 Nc6 3. Bb5 g6 4. O-O Bg7 5. Re1 e5 6. c3 Nge7 7. d3 O-O 8.
h3 d6 9. Bg5 h6 10. Be3 f5 11. exf5 gxf5 12. a4 Kh7 13. Na3 Be6 14. Nc2 a6
15. Bxc6 bxc6 16. Bc1 Ng6 17. d4 cxd4 18. cxd4 e4 19. Nh2 Qd7 20. Nb4 a5 21.
Na2 d5 22. Nc3 f4 23. f3 e3 24. Ne2 Bf6 25. Ng4 Bh4 26. Rf1 h5 27. Nh2 Rg8
28. Kh1 Raf8 29. b3 Bf2 30. Ra2 Qg7 31. Qc2 Bf5 32. Qc3 Nh4 33. Nxf4 Bxh3
34. Qd3+ Kh8 35. Ng4 Rxf4 36. Raxf2 exf2 37. Bxf4 Bxg2+ 38. Kh2 Bxf1 39.
Qxf1 Nxf3+ 40. Kh1 Qxg4 41. Be5+ Nxe5 42. Qxf2 Nf3 43. Qe3 Qg1+ 44. Qxg1
Rxg1# {White checkmated} 0-1

[Event "ICC tourney 2891 (30 10)"]
[Site "Internet Chess Club"]
[Date "2022.04.23"]
[Round "1"]
[White "WANG, JACOB S:JACOBCHESS857"]
[Black "WONG, ANDREW YUN:chessboy2020"]
[Result "0-1"]
[ICCResult "White checkmated"]
[WhiteElo "1397"]
[BlackElo "1733"]
[Opening "Sicilian"]
[ECO "B50"]
[NIC "SI.01"]
[Time "12:03:09"]
[PlyCount "68"]
[TimeControl "1800+10"]

1. e4 c5 2. Nf3 d6 3. c3 Nf6 4. Be2 Nc6 5. d3 g6 6. O-O Bg7 7. Re1 O-O 8.
Bf1 d5 9. e5 Nd7 10. d4 Qb6 11. dxc5 Nxc5 12. b4 Ne4 13. Be3 Qc7 14. Qxd5
Bf5 15. g4 Rfd8 16. Qc4 Be6 17. Qxe4 Bd5 18. Qf4 Nxe5 19. Nxe5 Bxe5 20. Qh6
Bxc3 21. Nxc3 Qxc3 22. a3 Rac8 23. Bg2 Bxg2 24. Kxg2 Rc4 25. h3 Re4 26. Red1
Re8 27. Rd2 Qxa1 28. f3 Rc4 29. Bc5 Qc1 30. Bxe7 Rc2 31. Bg5 Re2+ 32. Rxe2
Rxe2+ 33. Kg3 Qg1+ 34. Kf4 Qh2# {White checkmated} 0-1

[Event "ICC tourney 2891 (30 10)"]
[Site "Internet Chess Club"]
[Date "2022.04.23"]
[Round "1"]
[White "ZHENG, ZHAOXIONG:normzheng"]
[Black "WANG, ALEXANDER J:ickyquarter"]
[Result "1/2-1/2"]
[ICCResult "Black stalemated"]
[WhiteElo "1719"]
[BlackElo "1918"]
[Opening "Queen's pawn game, Krause variation"]
[ECO "D02"]
[NIC "QP.08"]
[Time "12:01:12"]
[PlyCount "133"]
[TimeControl "1800+10"]

1. d4 d5 2. Nf3 c5 3. dxc5 e6 4. c4 Bxc5 5. cxd5 exd5 6. g3 Nf6 7. Bg2 O-O
8. O-O h6 9. Nc3 Nc6 10. a3 d4 11. Na4 Bb6 12. b4 a6 13. Nxb6 Qxb6 14. Bb2
Rd8 15. Qd3 Bg4 16. Rfd1 Bxf3 17. Qxf3 a5 18. Qb3 axb4 19. axb4 Rxa1 20.
Bxa1 Qxb4 21. Qxb4 Nxb4 22. Bxb7 Nc2 23. Bf3 Rd7 24. Bb2 Nd5 25. Bxd5 Rxd5
26. Rd2 d3 27. Rxd3 Rb5 28. Bc3 Kh7 29. h3 Rb3 30. Kg2 f6 31. g4 Kg6 32. f4
h5 33. f5+ Kh7 34. Kg3 Nb4 35. Rf3 Nd5 36. Bd4 Rb4 37. Rd3 Rc4 38. Kf3 Nb4
39. Rd2 Nc6 40. Bb2 Rb4 41. Bc3 Rc4 42. Rd3 Ra4 43. e4 Ra3 44. Re3 hxg4+ 45.
hxg4 Kg8 46. Kf4 Ra4 47. g5 Kf7 48. gxf6 gxf6 49. Rh3 Nd4 50. Rh7+ Kg8 51.
Rh2 Rc4 52. Bb2 Kg7 53. Ke3 Rc2 54. Rxc2 Nxc2+ 55. Kd3 Nb4+ 56. Kc4 Nc2 57.
Kd5 Kf7 58. Bd4 Nb4+ 59. Kd6 Nd3 60. e5 fxe5 61. Bxe5 Nxe5 62. Kxe5 Ke7 63.
f6+ Kf7 64. Kf5 Kf8 65. Kg6 Kg8 66. f7+ Kf8 67. Kf6 {Black stalemated}
1/2-1/2

[Event "ICC tourney 2891 (30 10)"]
[Site "Internet Chess Club"]
[Date "2022.04.23"]
[Round "1"]
[White "Stetsenko, Roman:Ilyastet"]
[Black "Pym, Joshua:Joshua-Pym"]
[Result "1-0"]
[ICCResult "Black checkmated"]
[WhiteElo "1900"]
[BlackElo "1680"]
[Opening "QGD: 4.Nf3"]
[ECO "D37"]
[NIC "QP.11"]
[Time "12:12:55"]
[PlyCount "121"]
[TimeControl "1800+10"]

1. Nf3 Nf6 2. c4 e6 3. Nc3 d5 4. d4 b6 5. Bg5 Be7 6. e3 Bb7 7. Qb3 O-O 8.
Bxf6 Bxf6 9. cxd5 Bxd5 10. Nxd5 Qxd5 11. Qxd5 exd5 12. Rc1 Rc8 13. b4 a5 14.
b5 c5 15. bxc6 Nxc6 16. Kd2 Nb4 17. a3 Rxc1 18. Kxc1 Rc8+ 19. Kb2 Nc6 20.
Bb5 Ne7 21. Rc1 Kf8 22. Bd7 Rb8 23. Rc7 g6 24. Ne5 h5 25. f4 h4 26. Bh3 g5
27. Nd7+ Kg7 28. Nxb8 gxf4 29. exf4 Bxd4+ 30. Kc2 Ng6 31. g3 Bg1 32. f5 Ne5
33. gxh4 Bxh2 34. Rb7 Nc4 35. a4 Kf6 36. Nd7+ Kg7 37. Nxb6 Nd6 38. Rd7 d4
39. Kd3 Be5 40. Nc4 Nxc4 41. Kxc4 Kf6 42. Kb5 Bg3 43. Rxd4 Be1 44. Re4 Bd2
45. Bg4 Bc3 46. Kc4 Bd2 47. Kd3 Bh6 48. Ke2 Bf8 49. Kf3 Bh6 50. Bh3 Bf8 51.
Kg4 Bh6 52. Rc4 Bd2 53. Rc6+ Kg7 54. h5 f6 55. Bf1 Bb4 56. Bc4 Bc3 57. Rc7+
Kh8 58. h6 Bd2 59. Kh5 Bxh6 60. Kg6 Bf8 61. Rh7# {Black checkmated} 1-0

[Event "ICC tourney 2891 (30 10)"]
[Site "Internet Chess Club"]
[Date "2022.04.23"]
[Round "2"]
[White "REVESZ, GREGORY:GRevesz"]
[Black "WAKIDA, KEN:Yamato1945"]
[Result "0-1"]
[ICCResult "White resigns"]
[WhiteElo "1866"]
[BlackElo "1629"]
[Opening "Caro-Kann: classical variation"]
[ECO "B18"]
[NIC "CK.10"]
[Time "14:04:42"]
[PlyCount "84"]
[TimeControl "1800+10"]

1. e4 c6 2. d4 d5 3. Nc3 dxe4 4. Nxe4 Bf5 5. Ng3 Bg6 6. Nf3 Nd7 7. Nh4 e6 8.
Nxg6 hxg6 9. Bc4 Bd6 10. Qf3 Ngf6 11. Bd2 Qb6 12. Bc3 Bb4 13. O-O-O Bxc3 14.
Qxc3 O-O-O 15. f3 Qc7 16. Bb3 Nb6 17. a4 Nbd5 18. Qc5 Ne3 19. Rd2 Qxg3 20.
Qxa7 Qb8 21. Qxb8+ Kxb8 22. c3 Rd7 23. Re2 Ned5 24. Kc2 Nf4 25. Rf2 N6d5 26.
Bxd5 exd5 27. g3 Ne6 28. f4 Re7 29. f5 gxf5 30. Rxf5 Nc7 31. h4 f6 32. Kd3
Rhe8 33. Rf3 Re2 34. b4 Ra2 35. a5 Nb5 36. h5 Ree2 37. Rd1 Rec2 38. Ke3
Rxc3+ 39. Kf4 Rxf3+ 40. Kxf3 Rh2 41. g4 Nc3 42. Rg1 Ne4 {White resigns} 0-1

[Event "ICC tourney 2891 (30 10)"]
[Site "Internet Chess Club"]
[Date "2022.04.23"]
[Round "2"]
[White "Tang, Austin:Mrpeetapizza"]
[Black "SEBBA, AMITAI:Amitai"]
[Result "1-0"]
[ICCResult "Black resigns"]
[WhiteElo "1835"]
[BlackElo "1723"]
[Opening "Réti: King's Indian attack (Barcza system)"]
[ECO "A07"]
[NIC "QP.09"]
[Time "14:00:37"]
[PlyCount "51"]
[TimeControl "1800+10"]

1. Nf3 d5 2. g3 Nf6 3. Bg2 c5 4. O-O g6 5. d4 cxd4 6. Nxd4 Bg7 7. c4 Nc6 8.
Nc3 e6 9. cxd5 Nxd5 10. Nxc6 bxc6 11. Qc2 Bd7 12. Bd2 Rb8 13. Rad1 O-O 14.
e4 Nb4 15. Qb1 Qe7 16. Bf4 e5 17. Be3 Be6 18. a3 Na6 19. Rd2 Rb7 20. Rfd1
Rfb8 21. Qd3 Nc5 22. Qd6 Nb3 23. Qxe7 Rxe7 24. Rd8+ Rxd8 25. Rxd8+ Bf8 26.
Bh6 {Black resigns} 1-0

[Event "ICC tourney 2891 (30 10)"]
[Site "Internet Chess Club"]
[Date "2022.04.23"]
[Round "2"]
[White "YUAN, SERENA:doudou2011"]
[Black "ZHENG, ZHAOXIONG:normzheng"]
[Result "0-1"]
[ICCResult "White resigns"]
[WhiteElo "1651"]
[BlackElo "1719"]
[Opening "Old Indian: Tartakower (Wade) variation"]
[ECO "A41"]
[NIC "QO.17"]
[Time "14:00:13"]
[PlyCount "40"]
[TimeControl "1800+10"]

1. d4 d6 2. Nf3 Bg4 3. g3 c6 4. Bg2 d5 5. Ne5 Bf5 6. O-O Nd7 7. Nxd7 Qxd7 8.
c4 dxc4 9. Na3 O-O-O 10. Be3 Bh3 11. Bxh3 Qxh3 12. Nxc4 Nf6 13. Ne5 h5 14.
Qc2 Ng4 15. Nf3 e6 16. Qe4 h4 17. gxh4 Rxh4 18. Bf4 Nf6 19. Qe5 Bd6 20. Qxd6
Rg4+ {White resigns} 0-1

[Event "ICC tourney 2891 (30 10)"]
[Site "Internet Chess Club"]
[Date "2022.04.23"]
[Round "2"]
[White "Pym, Joshua:Joshua-Pym"]
[Black "WANG, JACOB S:JACOBCHESS857"]
[Result "1-0"]
[ICCResult "Black resigns"]
[WhiteElo "1680"]
[BlackElo "1397"]
[Opening "Giuoco Piano: Anderssen variation"]
[ECO "C54"]
[NIC "IG.02"]
[Time "14:00:21"]
[PlyCount "71"]
[TimeControl "1800+10"]

1. e4 e5 2. Nf3 Nc6 3. Bc4 Bc5 4. c3 Nf6 5. d4 exd4 6. e5 d5 7. Bb5 Ne4 8.
cxd4 Bb4+ 9. Bd2 Nxd2 10. Nbxd2 Bd7 11. O-O O-O 12. a3 Bxd2 13. Qxd2 Qe7 14.
Rfe1 Rfe8 15. h3 Rad8 16. Bd3 f6 17. Rac1 Qf8 18. Bb1 fxe5 19. Nxe5 Nxe5 20.
dxe5 g6 21. Qxd5+ Be6 22. Qxb7 Rd2 23. Qxa7 Ra8 24. Qe3 Rxb2 25. Rxc7 Rxa3
26. Qc5 Qf4 27. Re7 Rc3 28. Qa7 Qf8 29. Rxe6 Ra3 30. Qd4 Rab3 31. Bxg6 Rb4
32. Bxh7+ Kh8 33. Qe3 R4b3 34. Bd3 Rxd3 35. Rh6+ Kg7 36. Qg5+ {Black
resigns} 1-0

[Event "ICC tourney 2891 (30 10)"]
[Site "Internet Chess Club"]
[Date "2022.04.23"]
[Round "2"]
[White "Fong, Kevin:kleong12"]
[Black "PU, LANDON:landonp"]
[Result "1-0"]
[ICCResult "Black resigns"]
[WhiteElo "1811"]
[BlackElo "1643"]
[Opening "Four knights: Scotch, 4...exd4"]
[ECO "C47"]
[NIC "KP.06"]
[Time "14:00:19"]
[PlyCount "75"]
[TimeControl "1800+10"]

1. e4 e5 2. Nf3 Nc6 3. Nc3 Nf6 4. d4 exd4 5. Nxd4 Bb4 6. Nxc6 bxc6 7. Bd3
O-O 8. O-O h6 9. h3 d5 10. exd5 cxd5 11. Qf3 c6 12. Bf4 Re8 13. Rad1 Be6 14.
Ne2 Bc5 15. Rfe1 Qd7 16. Bxh6 Ng4 17. hxg4 Bxg4 18. Qf4 Qe6 19. Bg5 Rab8 20.
Nd4 Qd7 21. Rxe8+ Rxe8 22. Rf1 f6 23. Bh4 g5 24. Bxg5 fxg5 25. Qxg5+ Kf8 26.
Nxc6 Qxc6 27. Qxg4 Re7 28. g3 Rg7 29. Qf4+ Kg8 30. Re1 Rf7 31. Qg5+ Rg7 32.
Qd8+ Kf7 33. Kf1 Rg8 34. Qh4 Qd6 35. Qh5+ Kg7 36. Re5 Kf8 37. Re8+ Kg7 38.
Qg5+ {Black resigns} 1-0

[Event "ICC tourney 2891 (30 10)"]
[Site "Internet Chess Club"]
[Date "2022.04.23"]
[Round "2"]
[White "GUO, ELLA:SunnyCountry"]
[Black "JIN, JERRY:MysteryHunter"]
[Result "0-1"]
[ICCResult "White checkmated"]
[WhiteElo "1324"]
[BlackElo "1595"]
[Opening "Sicilian: Najdorf, Opocensky variation"]
[ECO "B92"]
[NIC "SI.11"]
[Time "14:00:17"]
[PlyCount "86"]
[TimeControl "1800+10"]

1. e4 c5 2. Nf3 d6 3. d4 cxd4 4. Nxd4 Nf6 5. Nc3 a6 6. Be2 e5 7. Nb3 Be7 8.
O-O O-O 9. a4 Be6 10. Be3 Nbd7 11. Qd2 Qc7 12. Bf3 Rac8 13. Rfe1 Rfd8 14. a5
Nc5 15. Nxc5 dxc5 16. Qe2 Rd7 17. Bg5 Rcd8 18. Red1 Rxd1+ 19. Nxd1 h6 20.
Bh4 Rd4 21. c3 Rd7 22. Ne3 Qd8 23. Rd1 Qxa5 24. Rxd7 Bxd7 25. h3 Be6 26. Nf5
Bxf5 27. exf5 Qc7 28. c4 Ne8 29. Bg3 Bd6 30. Bh4 Qb8 31. Bd5 Nc7 32. Be4 b5
33. b3 bxc4 34. Qxc4 Qb4 35. Qd3 Qd4 36. Qc2 Nb5 37. Bg3 Nc3 38. Bd3 e4 39.
Bxd6 exd3 40. Qd2 Ne2+ 41. Kf1 Qxd6 42. g3 Qd5 43. f6 Qh1# {White
checkmated} 0-1

[Event "ICC tourney 2891 (30 10)"]
[Site "Internet Chess Club"]
[Date "2022.04.23"]
[Round "2"]
[White "WANG, ALEXANDER J:ickyquarter"]
[Black "MCROBERTS, HOLLY:QueenHM"]
[Result "1/2-1/2"]
[ICCResult "Game drawn because neither player has mating material"]
[WhiteElo "1918"]
[BlackElo "1300"]
[Opening "Sicilian"]
[ECO "B56"]
[NIC "SI.01"]
[Time "14:01:40"]
[PlyCount "171"]
[TimeControl "1800+10"]

1. e4 c5 2. Nf3 d6 3. d4 cxd4 4. Nxd4 Nf6 5. Nc3 Bd7 6. g3 Nc6 7. Bg2 g6 8.
O-O Bg7 9. Nde2 O-O 10. h3 Rc8 11. g4 a6 12. a4 Ne5 13. b3 b5 14. axb5 axb5
15. Be3 h5 16. g5 Ne8 17. Rc1 Nc7 18. f4 Nc6 19. Nd5 Nxd5 20. exd5 Nb4 21.
Qd2 Na2 22. Rb1 Nc3 23. Nxc3 Bxc3 24. Qf2 Bf5 25. Rfc1 b4 26. Bd2 Qc7 27.
Kh2 Qc5 28. Qe2 Bxd2 29. Qxd2 Qc3 30. Qe2 e5 31. dxe6 Bxe6 32. Rd1 Qxc2 33.
Qxc2 Rxc2 34. Rxd6 Rfc8 35. Rd4 R8c3 36. Kh1 Rc1+ 37. Rxc1 Rxc1+ 38. Kh2 Rb1
39. Rxb4 Rxb3 40. Rd4 h4 41. Rd2 Kg7 42. Rf2 Rg3 43. Rb2 Rb3 44. Rd2 Rg3 45.
Rf2 Rb3 46. Bf3 f6 47. Bg2 fxg5 48. fxg5 Rg3 49. Rf4 Rxg5 50. Rxh4 Kf6 51.
Rb4 Rc5 52. Rb6 Rc2 53. Kg3 Rc3+ 54. Kh2 g5 55. Kg1 Rc1+ 56. Kh2 Rc2 57. Kg3
Rc3+ 58. Kh2 Rc2 59. Rd6 Kf5 60. Rd1 Ke5 61. Kh1 Kf4 62. Rf1+ Ke5 63. Re1+
Kf6 64. Re3 Rc1+ 65. Kh2 Rc2 66. Kg3 Rb2 67. Rf3+ Kg6 68. Rf1 Rb3+ 69. Kh2
Rb2 70. Kg1 Bf5 71. Rc1 Rb1 72. Rxb1 Bxb1 73. Kf2 Kh5 74. Kg3 Bf5 75. Bf3+
Kh6 76. Bc6 Kh5 77. Be8+ Kh6 78. Bf7 Bxh3 79. Kxh3 Kg7 80. Bh5 Kf6 81. Kg4
Ke5 82. Bg6 Kf6 83. Bf5 Kg7 84. Kh5 Kf6 85. Bh3 g4 86. Kxg4
{Game drawn because neither player has mating material}
1/2-1/2

[Event "ICC tourney 2891 (30 10)"]
[Site "Internet Chess Club"]
[Date "2022.04.23"]
[Round "2"]
[White "KHAIS, STEVEN:methodX17"]
[Black "Elkon, Alex N:Sprinless"]
[Result "1/2-1/2"]
[ICCResult "Game drawn by mutual agreement"]
[WhiteElo "1501"]
[BlackElo "1605"]
[Opening "Grünfeld: 5.e3"]
[ECO "D94"]
[NIC "GI.09"]
[Time "14:00:21"]
[PlyCount "104"]
[TimeControl "1800+10"]

1. c4 Nf6 2. d4 g6 3. Nf3 d5 4. e3 Bg7 5. Nc3 O-O 6. Be2 c5 7. cxd5 cxd4 8.
exd4 Nxd5 9. O-O Nxc3 10. bxc3 b6 11. h4 h6 12. Bf4 Bb7 13. Qd2 Kh7 14. h5
g5 15. Qd3+ f5 16. Be5 Be4 17. Qd1 Bxe5 18. Nxe5 Nd7 19. Ng6 Rf6 20. Bf3
Bxf3 21. Qxf3 e6 22. Rfe1 Nf8 23. Nxf8+ Qxf8 24. Rad1 Rd8 25. d5 exd5 26.
Rxd5 g4 27. Qd3 Rxd5 28. Qxd5 Qf7 29. Qe5 Rc6 30. Qe7 Rc7 31. Qxf7+ Rxf7 32.
Rd1 f4 33. Rd4 f3 34. Rxg4 fxg2 35. Kxg2 Rf5 36. Rd4 a5 37. Rd7+ Kg8 38. Rd6
Rxh5 39. Rxb6 Rg5+ 40. Kf1 h5 41. c4 Rc5 42. Rb5 Rxc4 43. Rxh5 Ra4 44. Ke2
Rxa2+ 45. Ke3 Kf7 46. Rd5 Ke6 47. Rb5 a4 48. f4 a3 49. Ra5 Ra1 50. Kd3 a2
51. Kc2 Rf1 52. Rxa2 Rf2+ {Game drawn by mutual agreement} 1/2-1/2

[Event "ICC tourney 2891 (30 10)"]
[Site "Internet Chess Club"]
[Date "2022.04.23"]
[Round "2"]
[White "WONG, ANDREW YUN:chessboy2020"]
[Black "Stetsenko, Roman:Ilyastet"]
[Result "0-1"]
[ICCResult "White forfeits on time"]
[WhiteElo "1733"]
[BlackElo "1900"]
[Opening "Caro-Kann: Steinitz variation"]
[ECO "B17"]
[NIC "CK.02"]
[Time "14:00:12"]
[PlyCount "174"]
[TimeControl "1800+10"]

1. e4 c6 2. d4 d5 3. Nd2 dxe4 4. Nxe4 Nd7 5. Ng5 Ngf6 6. Bc4 e6 7. Qe2 Nb6
8. Bb3 h6 9. Ne4 Qxd4 10. Ng3 Be7 11. Nf3 Qd8 12. O-O Qc7 13. Ne5 O-O 14. c4
Nbd7 15. Ng4 Nxg4 16. Qxg4 Nf6 17. Qf3 b6 18. Nh5 Nxh5 19. Qxh5 Bf6 20. Re1
Bb7 21. Bc2 Rfd8 22. Qg4 Kf8 23. Bf4 Qc8 24. Be5 Bxe5 25. Rxe5 c5 26. Rae1
Rd4 27. f4 Rd2 28. R1e2 Qd7 29. f5 Rxe2 30. Qxe2 Qd4+ 31. Kh1 exf5 32. Bxf5
Rd8 33. Bg4 Qf4 34. h3 Bc6 35. Re3 Qd4 36. Bf3 Bxf3 37. Rxf3 Qd1+ 38. Qxd1
Rxd1+ 39. Kh2 Rd2 40. Ra3 Rxb2 41. Rxa7 g6 42. Kg3 Kg7 43. a3 g5 44. Rb7 Kg6
45. a4 Rb4 46. Kf3 Rxa4 47. Rxb6+ Kg7 48. Rc6 Rxc4 49. Ke3 Rc2 50. Kf3 c4
51. g3 c3 52. Kg4 Rc1 53. Kh5 c2 54. Rc7 Rg1 55. Rxc2 Rxg3 56. Rh2 f5 57. h4
gxh4 58. Kxh4 Rg4+ 59. Kh5 Rg5+ 60. Kh4 Kg6 61. Ra2 Rg4+ 62. Kh3 Kg5 63. Ra8
h5 64. Rg8+ Kf4 65. Rh8 h4 66. Ra8 Ke5 67. Re8+ Kf6 68. Rf8+ Ke6 69. Re8+
Kf7 70. Rh8 Ke6 71. Re8+ Kd5 72. Rd8+ Ke4 73. Re8+ Kf4 74. Ra8 Ke3 75. Ra3+
Kd2 76. Ra2+ Kd3 77. Ra3+ Ke4 78. Ra4+ Kf3 79. Ra3+ Kf4 80. Ra4+ Kg5 81. Ra8
Rg3+ 82. Kh2 Kg4 83. Rg8+ Kf3 84. Ra8 f4 85. Ra3+ Kg4 86. Ra8 h3 87. Rg8+
Kf3 {White forfeits on time} 0-1

[Event "ICC tourney 2891 (30 10)"]
[Site "Internet Chess Club"]
[Date "2022.04.23"]
[Round "3"]
[White "WANG, JACOB S:JACOBCHESS857"]
[Black "REVESZ, GREGORY:GRevesz"]
[Result "1-0"]
[ICCResult "Black resigns"]
[WhiteElo "1397"]
[BlackElo "1866"]
[Opening "Sicilian: Hungarian variation"]
[ECO "B27"]
[NIC "SI.43"]
[Time "16:01:05"]
[PlyCount "35"]
[TimeControl "1800+10"]

1. e4 c5 2. Nf3 g6 3. Be2 Bg7 4. O-O Nc6 5. Re1 e6 6. c3 Nge7 7. d4 cxd4 8.
cxd4 d5 9. e5 a6 10. Nc3 b5 11. Bf1 Qb6 12. Be3 f6 13. exf6 Bxf6 14. Qd2 Nf5
15. Bd3 Nfxd4 16. Nxd5 Qd8 17. Nxf6+ Qxf6 18. Nxd4 {Black resigns} 1-0

[Event "ICC tourney 2891 (30 10)"]
[Site "Internet Chess Club"]
[Date "2022.04.23"]
[Round "3"]
[White "WAKIDA, KEN:Yamato1945"]
[Black "OPASKA, MICHAEL:mopaska1106"]
[Result "0-1"]
[ICCResult "White checkmated"]
[WhiteElo "1629"]
[BlackElo "1778"]
[Opening "Dutch: Staunton gambit, Staunton's line"]
[ECO "A83"]
[NIC "HD.11"]
[Time "16:00:45"]
[PlyCount "84"]
[TimeControl "1800+10"]

1. d4 f5 2. e4 fxe4 3. Nc3 Nf6 4. Bg5 g6 5. Bxf6 exf6 6. Nxe4 Bg7 7. Nf3 O-O
8. Be2 d5 9. Nc3 c6 10. O-O Nd7 11. Nb1 f5 12. c4 Nf6 13. Nc3 Ne4 14. cxd5
cxd5 15. Qb3 Be6 16. Nxe4 fxe4 17. Ne5 Qe7 18. Rfd1 Rac8 19. h3 Bxe5 20.
dxe5 d4 21. Qg3 d3 22. Bg4 Rc2 23. Rf1 Bxg4 24. hxg4 Re8 25. f4 Qc5+ 26. Kh2
e3 27. Rfe1 d2 28. Rxe3 Rc1 29. Rc3 Qg1+ 30. Kh3 Qh1+ 31. Qh2 Qxh2+ 32. Kxh2
Rxa1 33. Rd3 d1=Q 34. Rxd1 Rxd1 35. f5 Rxe5 36. fxg6 hxg6 37. b4 Re2 38. a4
Rdd2 39. g5 Rxg2+ 40. Kh3 Rxg5 41. b5 Rd1 42. a5 Rh1# {White checkmated} 0-1

[Event "ICC tourney 2891 (30 10)"]
[Site "Internet Chess Club"]
[Date "2022.04.23"]
[Round "3"]
[White "HO, COOPER:arsenicblast"]
[Black "WONG, ANDREW YUN:chessboy2020"]
[Result "1-0"]
[ICCResult "Black resigns"]
[WhiteElo "1842"]
[BlackElo "1733"]
[Opening "Sicilian: dragon, Yugoslav attack, 7...O-O"]
[ECO "B76"]
[NIC "SI.17"]
[Time "16:00:55"]
[PlyCount "57"]
[TimeControl "1800+10"]

1. e4 c5 2. Nf3 d6 3. d4 cxd4 4. Nxd4 Nf6 5. Nc3 g6 6. Be3 Bg7 7. f3 O-O 8.
Bc4 Nc6 9. Bb3 Bd7 10. Qd2 Na5 11. O-O-O Rb8 12. h4 b5 13. h5 Nc4 14. Bxc4
bxc4 15. Bh6 Qa5 16. Bxg7 Kxg7 17. hxg6 fxg6 18. g4 Qb4 19. Qh6+ Kf7 20. g5
Qxb2+ 21. Kd2 Nh5 22. Qxh7+ Ng7 23. Rh6 Rg8 24. Rxg6 Qb6 25. Ke2 Qa5 26. Nd5
Qxa2 27. Rg1 Qb2 28. Rxg7+ Rxg7 29. g6+ {Black resigns} 1-0

[Event "ICC tourney 2891 (30 10)"]
[Site "Internet Chess Club"]
[Date "2022.04.23"]
[Round "3"]
[White "Doan Giang, Nguyen Doan:Doctorstrange04"]
[Black "Pym, Joshua:Joshua-Pym"]
[Result "1-0"]
[ICCResult "Black resigns"]
[WhiteElo "1821"]
[BlackElo "1680"]
[Opening "Queen's pawn: London system"]
[ECO "A45"]
[NIC "QP.07"]
[Time "16:00:49"]
[PlyCount "85"]
[TimeControl "1800+10"]

1. d4 Nf6 2. Bf4 e6 3. e3 d5 4. Nf3 Be7 5. Bd3 b6 6. Nbd2 Bb7 7. c3 Nbd7 8.
Ne5 c5 9. Ndf3 Ne4 10. Nd2 O-O 11. Qc2 f5 12. f3 Nxd2 13. Qxd2 Nxe5 14. Bxe5
Bd6 15. Bxd6 Qxd6 16. O-O Kh8 17. Rae1 g5 18. Qf2 Rg8 19. Qg3 Qxg3 20. hxg3
g4 21. Kf2 Rg6 22. Rh1 Rag8 23. Reg1 c4 24. Bc2 b5 25. a3 a5 26. Rh4 R8g7
27. Rgh1 Kg8 28. Rh6 Rg5 29. Rxe6 gxf3 30. gxf3 Rxg3 31. Rh2 Rg1 32. Bxf5
Rd1 33. Bg4 Kf7 34. Re5 Bc8 35. Rg2 Rd2+ 36. Kg3 Rxg2+ 37. Kxg2 Bxg4 38.
fxg4 Rxg4+ 39. Kf3 Rg6 40. Rxd5 Rb6 41. e4 Ke6 42. Rh5 Rb7 43. Rh6+
{Black resigns}
1-0

[Event "ICC tourney 2891 (30 10)"]
[Site "Internet Chess Club"]
[Date "2022.04.23"]
[Round "3"]
[White "MCROBERTS, HOLLY:QueenHM"]
[Black "ZHENG, ZHAOXIONG:normzheng"]
[Result "0-1"]
[ICCResult "White checkmated"]
[WhiteElo "1300"]
[BlackElo "1719"]
[Opening "Pirc: Ufimtsev-Pytel variation"]
[ECO "B07"]
[NIC "PU.08"]
[Time "16:00:48"]
[PlyCount "76"]
[TimeControl "1800+10"]

1. e4 d6 2. d4 Nf6 3. Nc3 c6 4. f4 Qa5 5. Bd3 e5 6. Nf3 Nbd7 7. O-O Be7 8.
f5 O-O 9. Bg5 Qb6 10. Rb1 exd4 11. Ne2 c5 12. Kh1 Qc7 13. Nf4 b6 14. c4 dxc3
15. bxc3 Bb7 16. c4 Rfe8 17. Nd5 Nxd5 18. exd5 Bxg5 19. Nxg5 Nf6 20. Rb3 Bc8
21. Bb1 Bd7 22. Rbf3 b5 23. Qc2 Qb7 24. Ne6 bxc4 25. Nxg7 Kxg7 26. Rg3+ Kh8
27. Qc3 Re5 28. Qxc4 Bb5 29. Qh4 Qe7 30. Qh6 Rg8 31. Rxg8+ Nxg8 32. f6 Nxh6
33. fxe7 Bxf1 34. Kg1 Bc4 35. Bc2 Rxe7 36. Bb3 Bxb3 37. axb3 Ng4 38. h3 Re1#
{White checkmated}
0-1